 Dungeon Crawl Stone Soup version 0.29-a0-270-g1586fc07ea (webtiles) character file.

Game seed: 580862784387271148

20619 Ajdolov the Severer (level 12, -6/118 HPs)
             Began as a Hill Orc Fighter on Mar 7, 2022.
             Was a Follower of Uskayaw.
             Mangled by a cane toad (14 damage)
             ... on level 2 of the Lair of Beasts.
             The game lasted 00:26:22 (16724 turns).

Ajdolov the Severer (Hill Orc Fighter)             Turns: 16724, Time: 00:26:23

Health: -6/118     AC: 17    Str: 24    XL:     12   Next: 81%
Magic:  13/21      EV: 10    Int:  3    God:    Uskayaw [*.....]
Gold:   555        SH: 12    Dex: 10    Spells: 11/11 levels left

rFire   + . .      SeeInvis .   G - +1 broad axe (vamp)
rCold   + . .      Faith    .   K - +3 buckler of Fun and Games {rElec rF+ Int-5}
rNeg    . . .      Spirit   .   g - +0 plate armour
rPois   .          Reflect  +   E - +2 hat
rElec   +          Harm     .   B - +2 cloak
rCorr   .          Rampage  .   (no gloves)
Will    .....                   (no boots)
Stlth   ..........              b - amulet of reflection
HPRegen 0.29/turn               i - ring of protection from cold
MPRegen 0.17/turn               A - +4 ring of evasion

@: lethally poisoned (-6 -> -40), hasted, very quick
A: no striking features
a: Renounce Religion, Stomp


You were on level 2 of the Lair of Beasts.
You worshipped Uskayaw.
Uskayaw was pleased with you.
You visited 3 branches of the dungeon, and saw 14 of its levels.

You collected 627 gold pieces.
You spent 72 gold pieces at shops.

Inventory:

Hand Weapons
 G - a +1 vampiric broad axe (weapon)
Missiles
 f - a throwing net (quivered)
 w - 3 curare-tipped darts
Armour
 c - a +0 buckler
 g - a +0 plate armour (worn)
 B - a +2 cloak (worn)
 E - a +2 hat (worn)
 K - the +3 buckler of Fun and Games (worn) {rElec rF+ Int-5}
   (You found it on level 10 of the Dungeon)

   Int:       It affects your intelligence (-5).
   rF:        It protects you from fire.
   rElec:     It insulates you from electricity.
Jewellery
 a - a +4 ring of protection
 b - an amulet of reflection (around neck)
 i - a ring of protection from cold (left hand)
 A - a +4 ring of evasion (right hand)
 C - a ring of flight
Wands
 h - a wand of flame (7)
 m - a wand of mindburst (24)
Scrolls
 e - a scroll of identify
 j - a scroll of blinking
 l - 5 scrolls of amnesia
 p - 3 scrolls of fear
 s - 2 scrolls of noise
 x - 4 scrolls of teleportation
Potions
 d - a potion of might
 n - a potion of ambrosia {unknown}
 o - a potion of magic {unknown}
 q - a potion of cancellation {unknown}
 r - 2 potions of resistance {unknown}
 t - 4 potions of brilliance
 u - 2 potions of mutation {unknown}
 z - 4 potions of degeneration
 F - a potion of attraction {unknown}
Miscellaneous
 H - a phial of floods
 I - a phantom mirror


   Skills:
 - Level 14.7 Fighting
 * Level 17.3 Axes
 - Level 4.0 Armour
 - Level 3.2 Shields
 + Level 13.3 Invocations


You had 11 spell levels left.
You didn't know any spells.
Your spell library contained the following spells:

 Spells                   Type           Power      Damage    Failure   Level
 Animate Skeleton         Necr           0%         N/A       100%        1
 Foxfire                  Conj/Fire      0%         2x1d4     100%        1
 Pain                     Necr           0%         1d4       100%        1
 Scorch                   Fire           0%         2d5       100%        2
 Static Discharge         Conj/Air       0%         N/A       100%        2
 Conjure Flame            Conj/Fire      0%         6-21      100%        3
 Frozen Ramparts          Ice            0%         1d2       100%        3
 Gell's Gravitas          Tloc           0%         N/A       100%        3
 Inner Flame              Hex/Fire       0%         N/A       100%        3
 Lesser Beckoning         Tloc           0%         N/A       100%        3
 Teleport Other           Tloc           0%         N/A       100%        3
 Vampiric Draining        Necr           0%         2d6       100%        3
 Dispel Undead            Necr           0%         3d6       100%        4
 Flame Wave               Conj/Fire      0%         2d4       100%        4
 Hailstorm                Conj/Ice       0%         3d3       100%        4
 Ice Form                 Ice/Tmut       0%         N/A       100%        4
 Iskenderun's Mystic Bla  Conj/Tloc      0%         2d3       100%        4
 Sticky Flame             Conj/Fire      0%         2d3       100%        4
 Summon Ice Beast         Ice/Summ       0%         N/A       100%        4
 Summon Lightning Spire   Summ/Air       0%         N/A       100%        4
 Summon Forest            Summ/Tloc      0%         N/A       100%        5
 Dispersal                Tloc           0%         N/A       100%        6
 Simulacrum               Ice/Necr       0%         N/A       100%        6
 Summon Cactus Giant      Summ           0%         N/A       100%        6


Dungeon Overview and Level Annotations

Branches:
Dungeon (11/15)            Temple (1/1) D:6            Lair (2/6) D:10
  Swamp: Lair:2-4    Shoals: Lair:2-4     Snake: Lair:2-4    Spider: Lair:2-4
    Orc: D:9-12

Altars:
Ashenzari
Cheibriados
Dithmenos
Elyvilon
Fedhas
Hepliaklqana
Kikubaaqudgha
Makhleb
Nemelex Xobeh
Qazlal
Sif Muna
Uskayaw
Vehumet
Wu Jian
Yredelemnul
Zin
The Shining One

Shops:
D:3 (   D:5 =   D:11 *


Message History

The hornet stings you but does no damage.
Aiming: Grand Finale
Press: ? - help, Shift-Dir - straight line, f - you That would be overly suicidal.
Okay, then.
Unknown command.
Aiming: Grand Finale
Press: ? - help, Shift-Dir - straight line, f - hornet
Aim: a hornet (moderately wounded)
The hornet explodes violently!
The plant is hit by a flying piece of the hornet!
The plant begins to die.
You blow up the hornet!
You can no longer merge with and destroy a victim.
* * * LOW HITPOINT WARNING * * *
You feel extremely sick.
A water moccasin comes into view.
You feel yourself speed up.
* * * LOW HITPOINT WARNING * * *
You feel extremely sick. You block the cane toad's attack.
The cane toad stings you!
* * * LOW HITPOINT WARNING * * *
You are more poisoned.
The cane toad poisons you!
You feel much better.
* * * LOW HITPOINT WARNING * * *
You feel extremely sick.
Unknown command.
You hit the cane toad.
The cane toad is moderately wounded.
* * * LOW HITPOINT WARNING * * *
You feel very sick. The cane toad stings you!
* * * LOW HITPOINT WARNING * * *
You barely miss the cane toad.
The cane toad is moderately wounded.
* * * LOW HITPOINT WARNING * * *
You feel very sick. The cane toad stings you!
You die...

##♣♣##########
....PP≈≈#≈≈≈8#
......P≈≈≈≈≈≈#
.....♣....≈≈≈#
...♣...F††.≈≈#
...⌠S..@♣†.P≈#
P...♣....♣...P#
.........#...♣#
.≈≈≈≈≈..#P..♣
≈≈≈≈≈≈≈.♣P..♣
#♣♣#♣###♣#♣♣''##
♣P.P≈≈≈P.♣#....#
#...≈≈P...'....#
#<........'†..P#


You could see a cane toad and a water moccasin.

Vanquished Creatures
  Gastronok (D:9)
  Josephine (D:10)
  A boulder beetle (D:10)
  A centaur warrior (D:10)
  2 two-headed ogres
  Sonja (D:10)
  Amaemon (D:9)
  A skeletal warrior (D:10)
  Pikel (D:7)
  2 cyclopes
  2 manticores
  The ghost of Ajdolov the Martial Artist, a novice OpTm (D:6)
  A black mamba (Lair:1)
  2 cane toads (Lair:1)
  An orange demon (D:9)
  Maggie (D:7)
  3 komodo dragons
  2 hornets (Lair:2)
  A troll (D:10)
  Grinder (D:3)
  A centaur simulacrum (D:10)
  3 shadows
  7 wraiths
  12 yaks
  A steam dragon (D:8)
  An acid dragon (D:9)
  Pargi (D:3)
  8 water moccasins
  4 orc warriors
  An ice beast (D:6)
  A sky beast (D:8)
  2 black bears
  3 wolves (Lair:1)
  4 ogres
  5 centaurs
  The ghost of p0werm0de the Sneak, an amateur OpDe of Sif Muna (D:3)
  A lemure (D:7)
  A phantom (D:7)
  2 kobold brigands
  A wyvern zombie (D:9)
  2 gnoll sergeants
  7 bullfrogs
  5 necrophages
  A water moccasin zombie (D:6)
  3 scorpions (D:6)
  10 wights
  5 killer bees (D:9)
  A howler monkey (D:5)
  4 centaur zombies
  3 jellies
  6 orc priests
  2 gnoll shamans
  A human zombie (D:9)
  2 hounds (D:6)
  An iron imp (D:5)
  6 orc wizards
  3 howler monkey zombies (D:9)
  9 adders
  19 gnolls
  4 shadow imps
  A white imp (D:5)
  An ufetubus (D:6)
  3 worms
  A dart slug (D:1)
  26 orcs
  6 ball pythons
  A bat (D:2)
  2 endoplasms (D:3)
  A giant cockroach (D:2)
  4 goblins
  6 hobgoblins
  8 jackals
  18 kobolds
  2 quokkas (D:3)
  A frilled lizard (D:3)
  2 goblin skeletons (D:5)
  4 hobgoblin zombies (D:5)
  A kobold skeleton (D:5)
  A kobold zombie (D:5)
  2 orc zombies (D:5)
  8 rats
280 creatures vanquished.

Vanquished Creatures (others)
  A kobold (D:6)
  42 plants
43 creatures vanquished.

Grand Total: 323 creatures vanquished

Notes
Turn   | Place    | Note
-------+----------+-------------------------------------------
     0 | D:1      | Ajdolov the Hill Orc Fighter began the quest for the Orb.
     0 | D:1      | Reached XP level 1. HP: 19/19 MP: 1/1
     0 | D:1      | Noticed a minotaur zombie
     1 | D:1      | Noticed a minotaur zombie
     8 | D:1      | Noticed a demonspawn zombie
    21 | D:1      | Noticed a minotaur zombie
    49 | D:1      | Reached skill level 3 in Axes
   426 | D:1      | Reached XP level 2. HP: 21/27 MP: 2/2
   644 | D:1      | Found a faded altar of an unknown god.
  1097 | D:2      | Reached skill level 4 in Axes
  1165 | D:2      | Reached XP level 3. HP: 26/33 MP: 3/3
  1440 | D:2      | Reached XP level 4. HP: 19/41 MP: 4/4
  1765 | D:1      | Reached skill level 5 in Axes
  2619 | D:3      | Reached XP level 5. HP: 46/47 MP: 5/5
  2631 | D:3      | Found a runed translucent gate.
  2632 | D:3      | Found a runed translucent gate.
  2636 | D:3      | Found a runed translucent gate.
  2643 | D:3      | Noticed p0werm0de's ghost (amateur OpDe)
  2660 | D:3      | Killed p0werm0de's ghost
  2661 | D:3      | Reached skill level 5 in Fighting
  2661 | D:3      | Reached skill level 6 in Axes
  2682 | D:3      | Noticed Grinder
  2685 | D:3      | Paralysed by Grinder for 6 turns
  2698 | D:3      | Killed Grinder
  2699 | D:3      | Reached skill level 7 in Axes
  2699 | D:3      | Reached XP level 6. HP: 46/57 MP: 6/6
  2853 | D:3      | Noticed Pargi
  2880 | D:3      | Killed Pargi
  2881 | D:3      | Reached skill level 8 in Axes
  2881 | D:3      | Reached XP level 7. HP: 34/63 MP: 7/7
  3050 | D:3      | Found Lumanlaonu's Weapon Shop.
  3094 | D:3      | Found an ornate altar of the Wu Jian Council.
  3124 | D:3      | Found a sparkling altar of Nemelex Xobeh.
  3660 | D:4      | Reached skill level 9 in Axes
  3732 | D:4      | Found a stormy altar of Qazlal.
  3781 | D:4      | Found a radiant altar of Vehumet.
  3989 | D:4      | Found a broken altar of Ashenzari.
  4482 | D:5      | Entered Level 5 of the Dungeon
  4490 | D:5      | Reached XP level 8. HP: 70/73 MP: 8/8
  4511 | D:5      | Reached skill level 10 in Axes
  5097 | D:5      | Found a snail-covered altar of Cheibriados.
  5532 | D:5      | Reached skill level 11 in Axes
  5563 | D:5      | Found a glowing golden altar of the Shining One.
  5862 | D:5      | Found Daaschutwe's Jewellery Shop.
  6136 | D:6      | Reached skill level 12 in Axes
  6136 | D:6      | Reached XP level 9. HP: 62/82 MP: 9/9
  6316 | D:6      | Found a staircase to the Ecumenical Temple.
  6328 | Temple   | Entered the Ecumenical Temple
  6450 | Temple   | Became a worshipper of Uskayaw the Reveller
  6517 | D:6      | Reached * piety under Uskayaw
  6602 | D:6      | Reached ** piety under Uskayaw
  6630 | D:6      | Found a runed translucent gate.
  6630 | D:6      | Found a runed translucent gate.
  6630 | D:6      | Found a runed translucent gate.
  6630 | D:6      | Noticed Ajdolov's ghost (novice OpTm)
  6637 | D:6      | Found a basalt altar of Yredelemnul.
  6648 | D:6      | Reached *** piety under Uskayaw
  6658 | D:6      | Reached **** piety under Uskayaw
  6687 | D:6      | Killed Ajdolov's ghost
  6688 | D:6      | Reached skill level 13 in Axes
  7209 | D:7      | Noticed Pikel
  7222 | D:7      | Killed Pikel
  7223 | D:7      | Reached skill level 10 in Fighting
  7223 | D:7      | Reached skill level 14 in Axes
  7275 | D:7      | Reached XP level 10. HP: 85/93 MP: 11/11
  7419 | D:7      | Noticed Maggie
  7432 | D:7      | Killed Maggie
  8050 | D:8      | Reached skill level 15 in Axes
  8055 | D:8      | Reached ***** piety under Uskayaw
  9554 | D:9      | Reached skill level 5 in Invocations
  9610 | D:9      | Noticed a two-headed ogre
  9624 | D:9      | Killed a two-headed ogre
  9737 | D:9      | Reached skill level 16 in Axes
 10062 | D:9      | Noticed Gastronok
 10086 | D:9      | Killed Gastronok
 10087 | D:9      | Reached XP level 11. HP: 53/104 MP: 14/16
 10383 | D:9      | Found an ancient bone altar of Kikubaaqudgha.
 10495 | D:9      | Noticed Amaemon
 11215 | D:9      | Killed Amaemon
 12088 | D:9      | Found a glowing silver altar of Zin.
 12446 | D:10     | Entered Level 10 of the Dungeon
 12552 | D:10     | Noticed a manticore
 12653 | D:10     | Killed a manticore
 12685 | D:10     | Noticed Sonja
 12685 | D:10     | Noticed a two-headed ogre
 12797 | D:10     | Killed a two-headed ogre
 12800 | D:10     | Killed Sonja
 12801 | D:10     | Reached skill level 10 in Invocations
 13237 | D:10     | Noticed a skeletal warrior
 13242 | D:10     | Noticed Josephine
 13596 | D:10     | Identified the +8 dagger of Itriuliv {vorpal, rN+ Dex+3}
 13609 | D:10     | Noticed a boulder beetle
 13689 | D:10     | Killed a boulder beetle
 14022 | D:10     | Noticed a cyclops
 14063 | D:10     | Killed a cyclops
 14064 | D:10     | Reached XP level 12. HP: 73/117 MP: 20/20
 14212 | D:10     | Killed Josephine
 14671 | D:10     | Got the Collected Works on Displacement and Feathers
 14707 | D:10     | Found a staircase to the Lair.
 15050 | D:10     | Identified the +3 buckler of Fun and Games {rElec rF+
                  | Int-5}
 15125 | D:11     | Noticed a centaur warrior
 15292 | D:10     | Killed a centaur warrior
 15472 | D:11     | Found Iffeguil's General Store.
 15478 | D:11     | Bought a +0 broad axe for 72 gold pieces
 16032 | Lair:1   | Entered Level 1 of the Lair of Beasts
 16681 | Lair:2   | Reached skill level 17 in Axes
 16724 | Lair:2   | Mangled by a cane toad

Illustrated notes

Levels and vault maps discovered:
D:1:      shiori_arrival_whats_in_store_for_you, layout_basic,
          hellmonk_ecumenical_altar_inner_sanctum
D:2:      layout_basic
D:3:      layout_basic, nzn_wu_jian_contemplation, nemelex_spade_bored_becter,
          ebering_ghost_rock_garden, serial_shops, nicolae_shop_behind_doors,
          minmay_cupped, uniq_pargi, uniq_grinder
D:4:      layout_basic, vehumet_crystals, mainiacjoe_overflow_chevrons,
          grunt_qazlal_clouds
D:5:      layout_basic, slow_altar_1, nicolae_tso_besieged_by_evil,
          serial_shops, shop
D:6:      layout_rooms, nicolae_yredelemnul_ghost_church,
          minmay_temple_entry_butterflies
D:7:      layout_loops_ring, uniq_pikel, uniq_maggie
D:8:      layout_basic
D:9:      layout_basic, lemuel_mausoleum_altar_kikubaaqudgha, zin_academy,
          uniq_gastronok, uniq_amaemon
D:10:     kennysheep_big_flooded_room, layout_small_grid, david_lair_shrubbed,
          minmay_radiant, uniq_sonja, uniq_josephine
D:11:     layout_gridville, serial_shops, shop
Temple:   minmay_temple_forest_path
Lair:1:   layout_long_grid, st_stairs_11
Lair:2:   cheibrodos_lair_overgrown_chateau, layout_loops_ring,
          hellmonk_spider_entry_not_the_bees, small_statue_intersection,
          lemuel_fruit_fields, lemuel_fruit_tree

Skill      XL: |  1  2  3  4  5  6  7  8  9 10 11 12 |
---------------+-------------------------------------+-----
Axes           | 3 4 5 7 8 9 12 14 16 17 | 17.3
Fighting       | 4 5 6 7 8 10 12 14 | 14.7
Invocations    | 2 7 11 13 | 13.3
Armour         | 4 |  4.0
Shields        | |  3.2

Action                   |  1- 3 |  4- 6 |  7- 9 | 10-12 || total
-------------------------+-------+-------+-------+-------++-------
Melee: War axe           |    80 |   125 |   297 |   480 ||   982
       Broad axe         |       |       |       |   129 ||   129
Throw: Throwing net      |       |       |       |     2 ||     2
       Dart              |       |       |       |     1 ||     1
Invok: Line Pass         |       |       |     1 |       ||     1
       Stomp             |       |       |       |     2 ||     2
       Grand Finale      |       |       |       |     1 ||     1
Evoke: Wand              |       |     3 |     2 |     5 ||    10
  Use: Potion            |       |       |     1 |     9 ||    10
       Scroll            |       |       |       |    15 ||    15
 Stab: Paralysed         |       |       |     2 |    52 ||    54
       Held in net/web   |       |       |       |     2 ||     2
       Invisible         |       |       |       |     2 ||     2
Armor: Scale mail        |    10 |       |       |       ||    10
       Plate armour      |    65 |    98 |   129 |   189 ||   481
Dodge: Dodged            |    24 |    31 |    57 |   139 ||   251
Block: Buckler           |    23 |    31 |    61 |   225 ||   340
       Reflection        |       |       |     1 |     4 ||     5

Table legend: (Time is in decaauts)
 A = Elapsed time spent in this place.
 B = Non-inter-level travel time spent in this place.
 C = Inter-level travel time spent in this place.
 D = Time resting spent in this place.
 E = Time spent auto-exploring this place.
 F = Levels seen in this place.
 G = Mean time per level.
                   A        B        C        D        E       F      G
               +--------+--------+--------+--------+--------+-----+--------+
         Total |  16694 |  16053 |    641 |   5122 |   8350 |  14 | 1192.4 |
       Dungeon |  15844 |  15308 |    536 |   5122 |   7747 |  11 | 1440.4 |
        Temple |    176 |    107 |     69 |      0 |     98 |   1 |  176.0 |
          Lair |    673 |    638 |     35 |      0 |    505 |   2 |  336.5 |
               +--------+--------+--------+--------+--------+-----+--------+

Top non-repeatable levels by time:
     D:9: 2647 daAuts
    D:10: 2510 daAuts
     D:8: 2134 daAuts
     D:5: 1606 daAuts
     D:1: 1407 daAuts
     D:3: 1152 daAuts
     D:4: 1102 daAuts
     D:2: 915 daAuts
     D:7: 873 daAuts
     D:6: 774 daAuts
    D:11: 720 daAuts
  Lair:1: 621 daAuts
  Temple: 176 daAuts
  Lair:2: 52 daAuts
